 Dungeon Crawl Stone Soup version 0.28-a0-915-gcd63401287 (webtiles) character file.

Game seed: 5272165915332294653

2828 Turgor the Slinger (level 10, -3/67 (79) HPs)
             Began as a Formicid Arcane Marksman on Nov 25, 2021.
             Was an Initiate of Nemelex Xobeh.
             Slain by a wight (4 damage)
             ... on level 7 of the Dungeon.
             The game lasted 00:54:15 (9666 turns).

Turgor the Slinger (Formicid Arcane Marksman)       Turns: 9666, Time: 00:54:16

HP:   -3/67 (79)    AC: 10    Str: 14    XL:     10   Next: 3%
MP:   0/24          EV: 11    Int: 23    God:    Nemelex Xobeh [......]
Gold: 128           SH:  0    Dex: 11    Spells: 6/16 levels left

rFire   . . .      SeeInvis +   a - +2 hunting sling (venom)
rCold   . . .      Faith    .   (no shield)
rNeg    . . .      Spirit   +   H - +3 leather armour
rPois   .          Reflect  .   (helmet unavailable)
rElec   .          Harm     .   w - +2 cloak
rCorr   .          Rampage  .   (no gloves)
Will    +....                   g - +0 pair of boots
Stlth   +.........              C - amulet of guardian spirit
HPRegen 0.21/turn               e - +6 ring of intelligence
MPRegen 0.19/turn               z - ring of magical power

@: very slightly contaminated, heavily drained
A: permanent stasis, dig shafts and tunnels, antennae 3, four strong arms
a: Dig, Shaft Self, Renounce Religion, Draw Escape, Draw Destruction, Draw
Summoning


You were on level 7 of the Dungeon.
You worshipped Nemelex Xobeh.
Nemelex Xobeh was noncommittal.
You visited 2 branches of the dungeon, and saw 9 of its levels.

You collected 285 gold pieces.
You spent 157 gold pieces at shops.

Inventory:

Hand Weapons
 a - a +2 hunting sling of venom (weapon)
 t - a +1 dagger of draining
 E - a +0 rapier
Missiles
 b - 169 stones (quivered ammo)
 c - 43 sling bullets
 h - 39 poisoned darts
Armour
 g - a +0 pair of boots (worn)
 w - a +2 cloak (worn)
 H - a +3 leather armour (worn)
Magical Staves
 A - a staff of conjuration
Jewellery
 e - a +6 ring of intelligence (left hand)
 j - an amulet of magic regeneration
 p - a ring of flight
 z - a ring of magical power (right hand)
 C - an amulet of guardian spirit (around neck)
Wands
 F - a wand of iceblast (10)
Scrolls
 l - a scroll of silence
 o - a scroll of fear
 q - 2 scrolls of fog
 u - a scroll of blinking {unknown}
 v - a scroll of noise {unknown}
 x - a scroll of vulnerability {unknown}
 y - 2 scrolls of magic mapping {unknown}
 D - a scroll of enchant armour {unknown}
Potions
 d - a potion of heal wounds
 i - a potion of ambrosia
 k - 4 potions of curing
 m - 2 potions of lignification
 n - a potion of brilliance {unknown}
 r - 2 potions of degeneration {unknown}
 B - a potion of cancellation {unknown}
 G - a potion of mutation {unknown}


   Skills:
 + Level 7.4 Fighting
 * Level 10.6 Slings
 - Level 1.7 Dodging
 + Level 3.7 Spellcasting
 * Level 6.2 Hexes
 + Level 1.4 Summonings


You had 6 spell levels left.
You knew the following spells:

 Your Spells              Type           Power      Damage    Failure   Level
a - Slow                  Hex            100%       N/A       1%          1
b - Inner Flame           Hex/Fire       18%        N/A       12%         3
c - Portal Projectile     Hex/Tloc       36%        N/A       12%         3
d - Summon Guardian Gole  Hex/Summ       22%        N/A       9%          3

Your spell library contained the following spells:

 Spells                   Type           Power      Damage    Failure   Level
 Summon Small Mammal      Summ           44%        N/A       8%          1
 Cause Fear               Hex            16%        N/A       11%         4
 Sublimation of Blood     Necr           4%         N/A       21%         2
 Wereblood                Tmut           4%         N/A       21%         2
 Call Canine Familiar     Summ           11%        N/A       22%         3
 Summon Hydra             Summ           5%         N/A       100%        7


Dungeon Overview and Level Annotations

Branches:
Dungeon (8/15)             Temple (1/1) D:7
   Lair: D:8-11

Altars:
Cheibriados
Dithmenos
Fedhas
Gozag
Kikubaaqudgha
Makhleb
Nemelex Xobeh
Okawaru
Qazlal
Sif Muna
Trog
Vehumet
Wu Jian
Yredelemnul
Zin
The Shining One

Shops:
D:6 [


Innate Abilities, Weirdness & Mutations

You cannot be hasted, slowed, berserked, paralysed or teleported.
You can dig through walls and to a lower floor.
You have a pair of large antennae on your head. (SInv)
Your four strong arms can wield two-handed weapons with a shield.


Message History

Aiming: Slow (safe; 1% risk of failure)
Press: ? - help, Shift-Dir - straight line, f - wight
Aim: a wight, wielding a +4 scimitar and wearing a +0 robe (chance to affect: 65%)
You miscast Slow.
You are very lightly contaminated with residual magic.
Nothing appears to happen.
The wight hits you with a +4 scimitar.
You feel drained.
Casting: Slow (safe; 1% risk of failure)
Confirm with . or Enter, or press ? or * to list all spells.
Aiming: Slow (safe; 1% risk of failure)
Press: ? - help, Shift-Dir - straight line, f/p - wight
Aim: a wight, wielding a +4 scimitar and wearing a +0 robe (chance to affect: 65%)
The wight struggles to resist.
The wight hits you with a +4 scimitar.
* * * LOW HITPOINT WARNING * * *
Unknown command.
Casting: Slow (safe; 1% risk of failure)
Confirm with . or Enter, or press ? or * to list all spells.
Aiming: Slow (safe; 1% risk of failure)
Press: ? - help, Shift-Dir - straight line, f/p - wight
Aim: a wight, wielding a +4 scimitar and wearing a +0 robe (chance to affect: 65%)
The wight struggles to resist.
The wight barely misses you.
Casting: Slow (safe; 1% risk of failure)
Confirm with . or Enter, or press ? or * to list all spells.
Aiming: Slow (safe; 1% risk of failure)
Press: ? - help, Shift-Dir - straight line, f/p - wight
Aim: a wight, wielding a +4 scimitar and wearing a +0 robe (chance to affect: 65%)
The wight struggles to resist.
The wight hits you with a +4 scimitar.
* * * LOW HITPOINT WARNING * * *
You feel drained.
* * * LOW HITPOINT WARNING * * *
Casting: Slow (safe; 1% risk of failure)
Confirm with . or Enter, or press ? or * to list all spells.
Aiming: Slow (safe; 1% risk of failure)
Press: ? - help, Shift-Dir - straight line, f/p - wight
Aim: a wight, wielding a +4 scimitar and wearing a +0 robe (chance to affect: 65%)
The wight struggles to resist.
The wight hits you with a +4 scimitar!
* * * LOW HITPOINT WARNING * * *
You feel drained.
You die...
Your body disappears without a glow.

.##..#####.##.# #.....#.#._..
.##.......#.#.# #.......#....
.#...#.#.#.##.# ##...##.#..##
......###.....# ##.###[####
.#...#.#.#.#### ####...#
.#...##.##.# ######.#
...>..####[## #######...##.#
............#####............#
#.....####......@.#####...####
.........#.######z# ##.##
##.###............######.#
##.# #.#...[.............# #9#
#.##..#####.######### #.#
#.##.## #.# #.###.##.## #.#
##.........# #)# ########
#..........# #.# #.......


You could see a wight.

Vanquished Creatures
  Prince Ribbit (D:6)
  Sigmund (D:4)
  A wraith (D:6)
  A wyvern (D:8)
  A steam dragon (D:8)
  2 water moccasins
  4 ice beasts (D:6)
  4 necrophages
  An orc warrior (D:6)
  2 sky beasts (D:7)
  A bullfrog (D:7)
  A wyvern zombie (D:7)
  A gnoll sergeant (D:5)
  A scorpion (D:7)
  2 vampire bats (D:7)
  4 hounds
  3 centaur skeletons
  2 orc priests (D:4)
  2 bullfrog skeletons
  An iguana (D:4)
  4 gnolls (D:5)
  6 adders
  2 white imps
  An ufetubus (D:6)
  An adder skeleton (D:4)
  7 worms
  3 dart slugs
  10 orcs
  8 ball pythons
  4 endoplasms
  2 giant cockroaches
  3 goblins
  10 hobgoblins
  8 jackals
  5 kobolds
  A quokka (D:4)
  13 bats
  3 frilled lizards
  5 rats
132 creatures vanquished.

Vanquished Creatures (others)
  2 plants (D:5)
2 creatures vanquished.

Grand Total: 134 creatures vanquished

Notes
Turn   | Place    | Note
-------+----------+-------------------------------------------
     0 | D:1      | Turgor the Formicid Arcane Marksman began the quest for the
                  | Orb.
     0 | D:1      | Reached XP level 1. HP: 15/15 MP: 2/2
    59 | D:1      | Reached XP level 2. HP: 21/21 MP: 3/3
   199 | D:1      | Found a faded altar of an unknown god.
   614 | D:1      | Reached XP level 3. HP: 26/26 MP: 5/5
   892 | D:2      | Reached skill level 3 in Slings
  1291 | D:2      | Reached XP level 4. HP: 7/33 MP: 4/6
  2112 | D:2      | Noticed a necrophage
  2692 | D:3      | Found a shadowy altar of Dithmenos.
  2855 | D:3      | Noticed Sigmund
  2926 | D:3      | Reached XP level 5. HP: 39/39 MP: 7/7
  3016 | D:3      | Reached skill level 4 in Slings
  3348 | D:3      | Learned a level 1 spell: Slow
  3769 | D:4      | Reached XP level 6. HP: 47/47 MP: 8/8
  3822 | D:4      | Reached skill level 5 in Slings
  3845 | D:4      | Noticed a necrophage
  4028 | D:4      | Killed Sigmund
  4029 | D:4      | Reached XP level 7. HP: 34/53 MP: 9/9
  4050 | D:4      | Reached skill level 6 in Slings
  4843 | D:5      | Entered Level 5 of the Dungeon
  4871 | D:5      | Reached skill level 7 in Slings
  5270 | D:5      | Reached skill level 5 in Fighting
  5270 | D:5      | Reached XP level 8. HP: 45/62 MP: 10/10
  5503 | D:5      | Learned a level 3 spell: Inner Flame
  5507 | D:5      | Learned a level 3 spell: Portal Projectile
  5734 | D:5      | Reached skill level 8 in Slings
  5747 | D:5      | Found a glowing golden altar of the Shining One.
  6357 | D:6      | Found Heonipt's Antique Armour Shop.
  6360 | D:6      | Bought a glowing cloak for 157 gold pieces
  6629 | D:6      | Found an ancient bone altar of Kikubaaqudgha.
  6643 | D:6      | Noticed a wraith
  6753 | D:6      | Reached skill level 9 in Slings
  6850 | D:6      | Reached XP level 9. HP: 42/70 MP: 11/11
  6986 | D:6      | Noticed Prince Ribbit
  7008 | D:6      | Killed Prince Ribbit
  7519 | D:6      | Reached skill level 10 in Slings
  7608 | D:6      | Reached skill level 5 in Hexes
  7793 | D:6      | Found a bloodstained altar of Trog.
  7793 | D:6      | Found a glowing silver altar of Zin.
  8153 | D:7      | Found a burning altar of Makhleb.
  8225 | D:7      | Found a staircase to the Ecumenical Temple.
  8267 | D:7      | Learned a level 3 spell: Summon Guardian Golem
  8420 | D:7      | Found a blossoming altar of Fedhas.
  8983 | D:7      | Reached skill level 1 in Summonings
  9222 | Temple   | Entered the Ecumenical Temple
  9420 | Temple   | Became a worshipper of Nemelex Xobeh the Trickster
  9569 | D:8      | Reached XP level 10. HP: 72/79 MP: 15/15
  9666 | D:7      | HP: 1/69 [wight (10)]
  9666 | D:7      | Slain by a wight

Illustrated notes

Levels and vault maps discovered:
D:1:      wander_arrival_chamber, layout_basic, ebering_ecumenical_altar_box
D:2:      layout_basic
D:3:      layout_basic, nicolae_overflow_crystal_walls, nicolae_wormholes,
          uniq_sigmund
D:4:      layout_layer_cave
D:5:      nicolae_cairo_tiling_large, layout_basic, tso_oasis_becter,
          saegor_snake_ambush
D:6:      layout_loops_ring, mainiacjoe_overflow_brackets,
          gammafunk_temple_overflow_elements, serial_shops, nicolae_shop_stone,
          minmay_tree_intersection, grunt_decor_mini_mirrors,
          uniq_prince_ribbit1
D:7:      layout_loops_ring, mainiacjoe_overflow_alcove_1,
          mainiacjoe_overflow_cross_hatched, minmay_temple_entry_glass,
          roderic_batcave
D:8:      layout_loops_ring, marbit_many_paths,
          mainiacjoe_overflow_tiny_flanked, mainiacjoe_overflow_alcove_4,
          uniq_maurice
Temple:   grunt_temple_mini_profane

Skill      XL: |  1  2  3  4  5  6  7  8  9 |
---------------+----------------------------+-----
Slings         | 3 4 5 7 9 10 | 10.6
Hexes          | 4 6 |  6.2
Fighting       | 2 3 5 6 7 |  7.4
Spellcasting   | 3 |  3.7
Summonings     | 1 |  1.4
Dodging        | |  1.7

Action                   |  1- 3 |  4- 6 |  7- 9 | 10-12 || total
-------------------------+-------+-------+-------+-------++-------
Melee: Short sword       |    16 |    17 |       |       ||    33
       Dagger            |       |       |    47 |       ||    47
 Fire: Hunting sling     |   108 |   156 |   405 |     6 ||   675
Throw: Dart              |    29 |       |       |       ||    29
 Cast: Slow              |     1 |     6 |     3 |     4 ||    14
       Summon Guardian G |       |       |     2 |     1 ||     3
  Use: Scroll            |       |     9 |     3 |       ||    12
       Potion            |       |     1 |       |     1 ||     2
Armor: Robe              |     5 |    17 |    57 |       ||    79
       Leather armour    |       |       |     1 |     2 ||     3
Dodge: Dodged            |    36 |    56 |   152 |     4 ||   248

Table legend: (Time is in decaauts)
 A = Elapsed time spent in this place.
 B = Non-inter-level travel time spent in this place.
 C = Inter-level travel time spent in this place.
 D = Time resting spent in this place.
 E = Time spent auto-exploring this place.
 F = Levels seen in this place.
 G = Mean time per level.
                   A        B        C        D        E       F      G
               +--------+--------+--------+--------+--------+-----+--------+
         Total |   9600 |   9042 |    558 |   1944 |   5011 |   9 | 1066.7 |
       Dungeon |   9377 |   8867 |    510 |   1944 |   4838 |   8 | 1172.1 |
        Temple |    222 |    175 |     47 |      0 |    173 |   1 |  222.0 |
               +--------+--------+--------+--------+--------+-----+--------+

Top non-repeatable levels by time:
     D:2: 1925 daAuts
     D:6: 1564 daAuts
     D:5: 1376 daAuts
     D:7: 1369 daAuts
     D:3: 1095 daAuts
     D:4: 1016 daAuts
     D:1: 920 daAuts
  Temple: 222 daAuts
     D:8: 109 daAuts
